 Dungeon Crawl Stone Soup version 0.30.1-11-g7821555f0a (webtiles) character file.

Game seed: 12038638657134590753

3448 Peloso the Carver (level 9, -1/78 HPs)
             Began as a Minotaur Fighter on Dec 12, 2023.
             Was a Believer of Okawaru.
             Succumbed to a gnoll sergeant's poison
             ... on level 7 of the Dungeon.
             The game lasted 00:14:34 (6714 turns).

Peloso the Carver (Minotaur Fighter)                Turns: 6714, Time: 00:14:35

Health: -1/78      AC: 34    Str: 23    XL:     9   Next: 77%
Magic:  8/8        EV:  3    Int:  8    God:    Okawaru [**....]
Gold:   373        SH: 15    Dex: 12    Spells: 8/8 levels left

rFire   . . .        a - +1 long sword (flame)
rCold   . . .        d - +0 tower shield
rNeg    . . .        p - +8 orange crystal plate armour {Archmagi, Int+3 Clar}
rPois   .            (helmet restricted)
rElec   .            (no cloak)
rCorr   .            f - +2 pair of gloves
SInv    .            r - +2 pair of boots
Will    .....        (no amulet) Stlth
                     (no ring)
HPRegen 0.33/turn    (no ring)
MPRegen 0.11/turn

%: clarity, archmagi
@: lethally poisoned (-1 -> -18)
A: horns 2, retaliatory headbutt
a: Renounce Religion, Heroism


You were on level 7 of the Dungeon.
You worshipped Okawaru.
Okawaru was pleased with you.
You visited 2 branches of the dungeon, and saw 8 of its levels.

You collected 373 gold pieces.

Inventory:

Hand Weapons
 a - a +1 long sword of flaming (weapon)
Missiles
 w - 2 throwing nets (quivered)
Armour
 b - a +0 scale mail
 c - a +0 buckler
 d - a +0 tower shield (worn)
 e - a +0 plate armour
 f - a +2 pair of gloves (worn)
 p - the +8 orange crystal plate armour (worn) {Archmagi, Int+3 Clar}
   (You found it on level 3 of the Dungeon)

   Int:       It affects your intelligence (+3).
   Clar:      It protects you from confusion, rage, mesmerisation and fear.
 r - a +2 pair of boots (worn)
 x - a +0 chain mail of fire resistance
Jewellery
 h - a ring of magical power
Wands
 j - a wand of roots (23)
 v - a wand of digging (3)
Scrolls
 i - 2 scrolls of fog
 l - 2 scrolls of immolation
 m - 2 scrolls of teleportation
 o - 2 scrolls of blinking
 q - 4 scrolls of magic mapping
 s - 3 scrolls of fear {unknown}
 t - 2 scrolls of enchant armour {unknown}
 u - a scroll of silence {unknown}
Potions
 g - a potion of might
 k - 2 potions of brilliance
 n - 3 potions of lignification


   Skills:
 + Level 6.9 Fighting
 + Level 10.0 Long Blades
 + Level 8.3 Armour
 + Level 2.7 Dodging
 + Level 0.1 Stealth
 + Level 9.8 Shields
 + Level 0.1 Evocations


You had 8 spell levels left.
You didn't know any spells.
Your spell library contained the following spells:

 Spells                   Type           Power      Damage    Failure   Level
 Freeze                   Ice            0%         1d3       100%        1
 Kiss of Death            Conj/Necr      0%         2d5       100%        1
 Confusing Touch          Hex            0%         N/A       100%        3
 Frozen Ramparts          Ice            0%         1d1       100%        3
 Hailstorm                Conj/Ice       0%         3d3       100%        3
 Dispel Undead            Necr           0%         3d6       100%        4


Dungeon Overview and Level Annotations

Branches:
Dungeon (7/15)             Temple (1/1) D:6

Altars:
Cheibriados
Elyvilon
Fedhas
Gozag
Kikubaaqudgha
Makhleb
Nemelex Xobeh
Okawaru
Qazlal
Ru
Sif Muna
Trog
Uskayaw
Vehumet
Wu Jian
Xom
Yredelemnul
The Shining One


Innate Abilities, Weirdness & Mutations

You have a pair of horns on your head.
You reflexively headbutt those who attack you in melee.


Message History

The gnoll sergeant is severely wounded.
You feel very sick. You block the jackal's attack.
The gnoll sergeant hits you but does no damage.
You are more poisoned.
The jackal barely misses you. The gnoll sergeant blocks your attack.
The gnoll sergeant is severely wounded.
You feel very sick.
The gnoll sergeant hits you but does no damage.
You are lethally poisoned!
You block the jackal's attack.
Unknown command.
The gnoll sergeant blocks your attack.
Your headbutt misses the gnoll sergeant.
The gnoll sergeant is severely wounded.
* * * LOW HITPOINT WARNING * * *
You feel extremely sick. You block the jackal's attack.
The gnoll sergeant hits you but does no damage.
You are more poisoned.
You block the jackal's attack.
The gnoll sergeant hits you but does no damage.
Okay, then.
You hit the gnoll sergeant. You burn the gnoll sergeant.
You kill the gnoll sergeant!
Okawaru accepts your kill.
* * * LOW HITPOINT WARNING * * *
You feel extremely sick. You block the jackal's attack.
Unknown command.
You slash the jackal! You burn the jackal.
You kill the jackal!
Okawaru accepts your kill.
* * * LOW HITPOINT WARNING * * *
You feel very sick.
Unknown command.
Really quaff the potion of lignification?
Okay, then.
You die...

..#.).##..######.......##(###..##
####)...................#))......
#.#...##########......(..##...
#)#..## ######.......###..#
#.#.## # #....#......####..#
#.#.# #. #....#.........#.##
#.#.# ..#''#....#............#
#.#.# .............##.......##
#...# ⌠......@†.......##.##..#
###.# ........†........#.#...#
#.# ..#''#....#....#.....#.# #.#
#. #....#....##...##.# #.## #
#....#......._....# #..##
######....##...##.#
#...##########...#.#.....#.#
#................#...#.#...#
###############..#..##.##..#


There were no monsters in sight!

Vanquished Creatures
  Maggie (D:7)
  Grum (D:7)
  Menkaure (D:4)
  A water moccasin (D:6)
  An orc warrior (D:6)
  2 sky beasts
  3 black bears
  A centaur (D:6)
  2 phantoms (D:3)
  2 kobold brigands (D:7)
  3 bullfrogs
  2 gnoll sergeants (D:7)
  3 scorpions (D:6)
  An electric eel (D:6)
  A howler monkey (D:4)
  3 lava snakes (D:7)
  11 hounds
  A jelly (D:5)
  3 orc priests
  2 gnoll boudas (D:7)
  An iron imp (D:6)
  Terence (D:3)
  4 iguanas
  8 orc wizards
  12 gnolls (D:7)
  12 adders
  2 ufetubi
  2 worms (D:2)
  2 dart slugs
  27 orcs
  10 ball pythons
  5 bats
  4 endoplasms
  3 giant cockroaches
  4 goblins
  5 hobgoblins
  9 jackals
  18 kobolds
  2 quokkas (D:1)
  4 frilled lizards
  4 rats
184 creatures vanquished.

Notes
Turn   | Place    | Note
-------+----------+-------------------------------------------
     0 | D:1      | Peloso the Minotaur Fighter began the quest for the Orb.
     0 | D:1      | Reached XP level 1. HP: 19/19 MP: 0/0
     0 | D:1      | Noticed an elf
     1 | D:1      | Noticed a felid
     3 | D:1      | Noticed a tengu
    11 | D:1      | Noticed a minotaur
    13 | D:1      | Noticed a merfolk
    13 | D:1      | Noticed an elf
    17 | D:1      | Noticed a minotaur zombie
   299 | D:1      | Reached XP level 2. HP: 27/27 MP: 1/1
  1012 | D:2      | Reached skill level 3 in Long Blades
  1012 | D:2      | Reached XP level 3. HP: 28/33 MP: 2/2
  1438 | D:2      | Reached XP level 4. HP: 34/40 MP: 3/3
  1814 | D:3      | Reached skill level 1 in Dodging
  1862 | D:3      | Found a stormy altar of Qazlal.
  1862 | D:3      | Noticed a sky beast
  1869 | D:3      | Killed a sky beast
  1870 | D:3      | Reached skill level 4 in Long Blades
  1870 | D:3      | Reached skill level 5 in Shields
  1870 | D:3      | Reached XP level 5. HP: 39/46 MP: 4/4
  1911 | D:3      | Found the +8 orange crystal plate armour {Archmagi, Int+3
                  | Clar}
  1986 | D:3      | Identified the +5 war axe "Cigiem" {heavy, rElec MP+9 Int+4
                  | Dex-5}
  2061 | D:3      | Identified the +3 ring mail of Dawn {rN+}
  2177 | D:3      | Noticed Terence
  2189 | D:3      | Killed Terence
  2511 | D:3      | Reached XP level 6. HP: 51/52 MP: 5/5
  2737 | D:4      | Found a glowing golden altar of the Shining One.
  2818 | D:4      | Found a burning altar of Makhleb.
  2818 | D:4      | Noticed a balrug
  2821 | D:4      | Noticed a smoke demon
  2821 | D:4      | Noticed a neqoxec
  2874 | D:4      | Reached skill level 5 in Armour
  2895 | D:4      | Reached skill level 5 in Long Blades
  2897 | D:4      | Noticed Menkaure
  3137 | D:5      | Entered Level 5 of the Dungeon
  3326 | D:4      | Reached XP level 7. HP: 58/60 MP: 6/6
  3408 | D:4      | Killed Menkaure
  3409 | D:4      | Reached skill level 6 in Long Blades
  3749 | D:4      | Found a white marble altar of Elyvilon.
  3994 | D:6      | Reached skill level 7 in Long Blades
  4120 | D:6      | Found a staircase to the Ecumenical Temple.
  4129 | Temple   | Entered the Ecumenical Temple
  4272 | Temple   | Became a worshipper of Warmaster Okawaru
  4363 | D:6      | Reached XP level 8. HP: 43/67 MP: 7/7
  4369 | D:6      | Reached skill level 5 in Fighting
  4741 | D:6      | Found a snail-covered altar of Cheibriados.
  4844 | D:6      | Reached * piety under Okawaru
  4845 | D:6      | Reached skill level 8 in Long Blades
  5571 | D:7      | Reached XP level 9. HP: 74/75 MP: 8/8
  5634 | D:7      | Noticed Maggie
  5659 | D:7      | Killed Maggie
  5659 | D:7      | Reached ** piety under Okawaru
  5660 | D:7      | Reached skill level 9 in Long Blades
  5963 | D:7      | Found an opulent altar of Gozag.
  6608 | D:7      | Noticed Grum
  6615 | D:7      | Killed Grum
  6703 | D:7      | Reached skill level 10 in Long Blades
  6714 | D:7      | Succumbed to a gnoll sergeant's poison

Illustrated notes

Levels and vault maps discovered:
D:1:      shiori_arrival_whats_in_store_for_you, layout_loops_corners,
          serial_glass, glass_columns_a, glass_columns_a, glass_columns_a,
          glass_columns_a, glass_columns_a, st_stairs_4
D:2:      layout_loops_ring
D:3:      layout_basic, nicolae_qazlal_beasts_of_the_sky,
          kennysheep_generic_room_9, uniq_terence
D:4:      layout_gridville, makhleb_altar_promises_db,
          mainiacjoe_overflow_alcove_4, nicolae_overflow_hidden_temple,
          minmay_vboxes, uniq_menkaure
D:5:      layout_cave_pools, minmay_ruined_shrine, uniq_sigmund
D:6:      layout_loops_cross, chei_slow_surprise,
          minmay_temple_entry_nine_rooms, serial_bayou_lagoon_a, hex_tiny,
          grunt_ministairs_1
D:7:      layout_cave_pools, mainiacjoe_overflow_small_starburst,
          serial_gnoll_camp, grums_kennel, gnoll_camp_mini_sergeant,
          gnoll_camp_mini_basic, gnoll_camp_medium_02,
          hangedman_abyss_or_decor_jellyfish_corner, kennysheep_small_spiral,
          uniq_maggie
Temple:   hellmonk_temple_forest_ring

Skill      XL: |  1  2  3  4  5  6  7  8  9 |
---------------+----------------------------+-----
Shields        | 4 5 6 8 9 |  9.8
Armour         | 4 5 6 7 8 |  8.3
Long Blades    | 3 4 5 7 8 10 | 10.0
Dodging        | 1 2 |  2.7
Fighting       | 4 6 |  6.9
Stealth        | |  0.1
Evocations     | |  0.1

Action                     |  1- 3 |  4- 6 |  7- 9 || total
---------------------------+-------+-------+-------++-------
  Melee: Long sword        |   115 |   161 |   381 ||   657
         Headbutt          |    15 |    22 |    72 ||   109
  Evoke: Wand              |       |       |     1 ||     1
    Use: Potion            |     1 |     2 |     3 ||     6
         Scroll            |       |     5 |     2 ||     7
 Armour: Scale mail        |    65 |    29 |       ||    94
         Chain mail        |       |     4 |       ||     4
         Plate armour      |       |    58 |   147 ||   205
         Crystal plate arm |       |       |   160 ||   160
  Dodge: Dodged            |    37 |    27 |    70 ||   134
  Block: Tower shield      |    95 |   155 |   385 ||   635
         Buckler           |     1 |       |       ||     1
